 Dungeon Crawl Stone Soup version 0.32-a0-433-g08bcfe7efd (webtiles) character file.

Game seed: 13438299182142619692

1197 javelincjr the Trooper (level 8, 0/65 HPs)
             Began as a Coglin Monk on Feb 22, 2024.
             Slain by a gnoll
             ... wielding a +1 whip of electrocution
             ... led by a gnoll sergeant
              (16 damage)
             ... on level 6 of the Dungeon.
             The game lasted 00:13:49 (4275 turns).

javelincjr the Trooper (Coglin Monk)                Turns: 4275, Time: 00:13:49

Health: 0/65       AC:  4    Str: 14    XL:     8   Next: 44%
Magic:  0/8        EV: 14    Int:  9    God:
Gold:   412        SH:  0    Dex: 17    Spells: 7/7 levels left

rFire   . . .        B - +0 war axe {Wu}
rCold   . . .        a - +0 hand axe {Ælfthryth}
rNeg    . . .        u - +0 leather armour of Good Intentions {rPois Stlth+}
rPois   +            (no helmet)
rElec   .            E - +0 cloak
rCorr   .            (no gloves)
SInv    +            (no boots)
Will    .....        z - amulet of guardian spirit
Stlth   ++           o - ring of wizardry
HPRegen 0.30/turn    K - ring of see invisible
MPRegen 0.11/turn

%: guardian spirit, wizardry (x1)
@: immotile, revved
A: off-hand wielding, slow wielding, warmup strikes, legs shutdown
a: no special abilities


You were on level 6 of the Dungeon.
You visited 1 branch of the dungeon, and saw 6 of its levels.

You collected 412 gold pieces.

Inventory:

Hand Weapons
 a - a +0 hand axe (offhand) {Ælfthryth}
 i - a +0 spear
 l - a +0 rapier {Elena}
 B - a +0 war axe (weapon) {Wu}
Missiles
 D - 2 javelins (quivered)
Armour
 b - a +0 robe
 d - an orb of light
 j - a +0 ring mail
 k - a +0 chain mail
 u - the +0 leather armour of Good Intentions (worn) {rPois Stlth+}
   (You found it on level 2 of the Dungeon)

   rPois:     It protects you from poison Stlth+: It makes you more stealthy.
 C - a +0 scale mail
 E - a +0 cloak (worn)
Jewellery
 o - a ring of wizardry (left grasper)
 z - an amulet of guardian spirit (around neck)
 K - a ring of see invisible (right grasper)
Talismans
 L - a dragon-blood talisman
Wands
 t - a wand of mindburst (15)
Scrolls
 f - a scroll of fear {unknown}
 n - a scroll of revelation {unknown}
 p - a scroll of enchant weapon {unknown}
 r - a scroll of enchant armour {unknown}
 s - 4 scrolls of poison
 v - a scroll of noise {unknown}
 w - 2 scrolls of blinking {unknown}
 x - 2 scrolls of amnesia {unknown}
 y - a scroll of fog {unknown}
 A - 2 scrolls of teleportation
 G - a scroll of butterflies {unknown}
 M - a scroll of identify
Potions
 c - a potion of ambrosia
 e - a potion of brilliance {unknown}
 g - 2 potions of lignification
 h - 2 potions of curing
 m - 2 potions of heal wounds
 q - 3 potions of haste
 F - a potion of attraction {unknown}
 H - a potion of enlightenment
 I - a potion of invisibility {unknown}
 J - a potion of magic {unknown}


   Skills:
 * Level 6.8 Fighting
 + Level 5.2 Axes
 + Level 3.7 Armour
 + Level 4.8 Dodging
 + Level 0.4 Shapeshifting


You had 7 spell levels left.
You didn't know any spells.
Your spell library contained the following spells:

 Spells                   Type           Power      Damage    Failure   Level
 Magic Dart               Conj           0%         1d3       21%         1
 Blink                    Tloc           0%         N/A       28%         2
 Call Imp                 Summ           0%         N/A       28%         2
 Cigotuvi's Dreadful Rot  Necr/Alch/Air  0%         N/A       28%         2
 Mercury Vapours          Alch/Air       0%         N/A       28%         2
 Dazzling Flash           Conj/Hex       0%         N/A       50%         3
 Gell's Gravitas          Tloc           0%         N/A       50%         3
 Inner Flame              Hex/Fire       0%         N/A       50%         3
 Mephitic Cloud           Conj/Alch/Air  0%         N/A       50%         3
 Teleport Other           Tloc           0%         N/A       50%         3
 Cause Fear               Hex            0%         N/A       86%         4
 Ignite Poison            Fire/Alch      0%         N/A       86%         4
 Curse of Agony           Necr           0%         N/A       99%         5
 Fireball                 Conj/Fire      0%         3d3       99%         5
 Freezing Cloud           Conj/Ice/Air   0%         6-21      99%         5
 Irradiate                Conj/Alch      0%         3d11      99%         5
 Silence                  Hex/Air        0%         N/A       99%         5
 Dispersal                Tloc           0%         N/A       100%        6
 Ignition                 Fire           0%         3d3       100%        8
 Dragon's Call            Summ           0%         N/A       100%        9


Dungeon Overview and Level Annotations

Branches:
Dungeon (6/15)
 Temple: D:4-7

Altars:
Kikubaaqudgha
Zin

Shops:
D:1 *   D:3 :   D:4 *


Innate Abilities, Weirdness & Mutations

You can wield a second weapon in your off-hand.
It takes a long time for you to wield or remove held weapons.
Your first few attacks do less damage.
Attacking and casting redirects power from your legs.


Message History

You slash the gnoll sergeant with your +0 war axe!
The gnoll sergeant is moderately wounded.
You hit the gnoll sergeant with your +0 hand axe.
The gnoll sergeant misses you.
You cannot move.
You cannot move.
You are no longer unable to travel.
The gnoll sergeant hits you with a +0 spear.
The gnoll closely misses you.
The gnoll sergeant completely misses you.
The gnoll sergeant attacks as it pursues you!
The gnoll sergeant misses you.
You slash the gnoll with your +0 war axe!
The gnoll is heavily wounded.
You hit the gnoll with your +0 hand axe.
The gnoll hits you with a +0 club.
The gnoll sergeant hits you but does no damage.
You hit the gnoll but do no damage.
The gnoll is severely wounded.
You closely miss the gnoll with your +0 war axe.
The gnoll barely misses you. The gnoll sergeant closely misses you.
The gnoll misses you. x2
You hit the gnoll with your +0 war axe.
You kill the gnoll!
The gnoll misses you.
The gnoll sergeant hits you from afar with a +0 spear.
The gnoll hits you with a +3 flail!
You cannot move.
You slash the gnoll with your +0 war axe!
You kill the gnoll!
The gnoll barely misses you.
The gnoll sergeant hits you from afar with a +0 spear!
The gnoll hits you but does no damage. The gnoll sergeant closely misses you.
You hit the gnoll with your +0 hand axe.
The gnoll is heavily wounded.
You closely miss the gnoll with your +0 war axe.
The gnoll hits you with a +1 whip of electrocution!
* * * LOW HITPOINT WARNING * * *
You are electrocuted!!
You die...

#...<................##.........#
#....###.............# .#......#
#...## #.......#.....# .##......#
#.##. #......#.#.....##.#........
... ....#.........# .............
#. ###.#......#### ..# .[..#....
## # #.###....###.## ....... #..
###.##g...#.... #...
#.@g..>...... ... #.##g........
#..####....... ..... .#.....
...... .#..... ......... .. ....
........# .. ... .......## ...
...


You could see a gnoll sergeant and 2 gnolls.

Vanquished Creatures
  A wyvern (D:5)
  3 black bears
  An ogre (D:3)
  3 phantoms (D:5)
  A bullfrog (D:5)
  2 scorpions (D:6)
  A hound (D:4)
  Crazy Yiuf (D:3)
  A jelly (D:5)
  6 adders
  5 gnolls
  2 white imps
  5 dart slugs
  4 ribbon worms
  5 ball pythons
  4 endoplasms
  4 giant cockroaches
  6 hobgoblins
  A jackal (D:2)
  8 kobolds
  3 quokkas
  11 bats
  A frilled lizard (D:2)
  7 goblins
  6 rats
92 creatures vanquished.

Vanquished Creatures (others)
  A kobold (D:1)
1 creature vanquished.

Grand Total: 93 creatures vanquished

Notes
Turn   | Place    | Note
-------+----------+-------------------------------------------
     0 | D:1      | javelincjr the Coglin Monk began the quest for the Orb.
     0 | D:1      | Reached XP level 1. HP: 18/18 MP: 1/1
    96 | D:1      | Found Ziussiyn's General Store.
   164 | D:1      | Reached XP level 2. HP: 16/24 MP: 2/2
   453 | D:1      | Reached XP level 3. HP: 29/29 MP: 3/3
   996 | D:2      | Found an ancient bone altar of Kikubaaqudgha.
  1055 | D:2      | Reached skill level 1 in Armour
  1180 | D:2      | Reached XP level 4. HP: 11/37 MP: 4/4
  1500 | D:2      | Identified the +0 leather armour of Good Intentions {rPois
                  | Stlth+}
  1703 | D:2      | Reached skill level 4 in Fighting
  1882 | D:2      | Found a faded altar of an unknown god.
  1921 | D:3      | Found Plog's Book Emporium.
  2073 | D:3      | Reached XP level 5. HP: 41/42 MP: 5/5
  2201 | D:3      | Noticed an ogre
  2207 | D:3      | Killed an ogre
  2482 | D:3      | Found a runed translucent door.
  2483 | D:3      | Noticed Crazy Yiuf
  2488 | D:3      | Killed Crazy Yiuf
  2489 | D:3      | Reached XP level 6. HP: 49/49 MP: 6/6
  2743 | D:4      | Found Tibuov's General Store.
  2899 | D:4      | Noticed a black bear
  2906 | D:4      | Killed a black bear
  2907 | D:4      | Reached skill level 5 in Fighting
  3563 | D:5      | Entered Level 5 of the Dungeon
  3573 | D:5      | Reached XP level 7. HP: 51/56 MP: 7/7
  3822 | D:5      | Reached skill level 6 in Fighting
  3900 | D:5      | Noticed a wyvern
  3906 | D:5      | Killed a wyvern
  3907 | D:5      | Reached XP level 8. HP: 65/65 MP: 8/8
  3924 | D:5      | Reached skill level 5 in Axes
  4107 | D:6      | Found a glowing silver altar of Zin.
  4275 | D:6      | Slain by a gnoll

Illustrated notes

Levels and vault maps discovered:
D:1:      heliophobic_arrival_glass_houses, layout_loops_ring, serial_shops,
          nicolae_shop_tiny_glass
D:2:      minmay_alternating_diamond, layout_loops_ring, basic_altar,
          ebering_ecumenical_altar_abandoned, hangedman_decor_clover_reticule,
          grunt_ministairs_10, kennysheep_minor_cross, minmay_distorted
D:3:      kb_forest_paths, layout_basic, serial_shops, shop,
          uniq_crazy_yiuf_cottage
D:4:      layout_basic, kennysheep_windowed_goal
D:5:      layout_rooms
D:6:      layout_cave_pools, minmay_temple_entry_trees, serial_park,
          serial_park_tiny_2, serial_park_gazebo [serial_park_minivault_5x5_4],
          serial_park_square1 [serial_park_minivault_5x5_5]

Skill      XL: |  1  2  3  4  5  6  7  8 |
---------------+-------------------------+-----
Armour         | 1 2 3 |  3.7
Dodging        | 3 4 |  4.8
Fighting       | 4 5 6 |  6.8
Axes           | 4 5 |  5.2
Shapeshifting  | |  0.4

Action                     |  1- 3 |  4- 6 |  7- 9 || total
---------------------------+-------+-------+-------++-------
  Melee: Hand axe          |    74 |    84 |    57 ||   215
         Rapier            |    49 |   105 |       ||   154
         War axe           |       |    34 |    63 ||    97
  Throw: Javelin           |       |     2 |       ||     2
  Evoke: Wand              |       |     2 |     2 ||     4
    Use: Potion            |       |     1 |       ||     1
         Scroll            |       |     5 |     1 ||     6
   Stab: Sleeping          |       |     4 |     1 ||     5
 Armour: Robe              |    38 |     8 |       ||    46
         Leather armour    |       |    55 |    44 ||    99
  Dodge: Dodged            |    62 |    91 |    66 ||   219

Table legend: (Time is in decaauts)
 A = Elapsed time spent in this place.
 B = Non-inter-level travel time spent in this place.
 C = Inter-level travel time spent in this place.
 D = Time resting spent in this place.
 E = Time spent auto-exploring this place.
 F = Levels seen in this place.
 G = Mean time per level.
                   A        B        C        D        E       F      G
               +--------+--------+--------+--------+--------+-----+--------+
         Total |   4312 |   4094 |    218 |    168 |   3001 |   6 |  718.7 |
       Dungeon |   4312 |   4094 |    218 |    168 |   3001 |   6 |  718.7 |
               +--------+--------+--------+--------+--------+-----+--------+

Top non-repeatable levels by time:
     D:2: 1085 daAuts
     D:1: 849 daAuts
     D:4: 840 daAuts
     D:3: 814 daAuts
     D:5: 524 daAuts
     D:6: 198 daAuts
